 Dungeon Crawl Stone Soup version 0.20.1-1-g8b1a95d66d (webtiles) character file.

167 Hvezdomuz the Charmwright (level 5, 0/42 HPs)
             Began as a Centaur Skald on Nov 22, 2017.
             Slain by an ogre
             ... wielding a +0 giant club
              (15 damage)
             ... on level 4 of the Dungeon.
             The game lasted 00:15:41 (2910 turns).

Hvezdomuz the Charmwright (Centaur Skald)           Turns: 2910, Time: 00:15:42

Health: 0/42       AC:  4    Str: 14    XL:     5   Next: 23%
Magic:  3/7        EV:  9    Int: 12    God:
Gold:   100        SH:  0    Dex:  9    Spells: 2/7 levels left

rFire    . . .     SeeInvis .   a - +0 spear
rCold    . . .     Gourm    .   (no shield)
rNeg     . . .     Faith    .   b - +0 leather armour
rPois    .         Spirit   .   (no helmet)
rElec    .         Reflect  .   (no cloak)
rCorr    .         Harm     .   (no gloves)
MR       .....                  (no barding)
Stlth    ..........             (no amulet)
Regen    0.2/turn               (no ring)
MPRegen  0.1/turn               (no ring)

@: shrouded, very slightly contaminated, very quick
A: hooves 3, deformed body, speed 2, tough skin 3
a: no special abilities


You were on level 4 of the Dungeon.
You were hungry.

You visited 1 branch of the dungeon, and saw 4 of its levels.

You collected 100 gold pieces.

Inventory:

Hand Weapons
 a - a +0 spear (weapon)
 i - a cursed -3 dagger
 k - a +0 spear
 n - a +0 spear
 o - a cursed -2 mace
Missiles
 e - 2 curare-tipped needles
 l - 25 poisoned needles (quivered)
 y - 8 javelins
 A - 7 needles of confusion
Armour
 b - a +0 leather armour (worn)
 u - a scarf of spirit shield
Jewellery
 w - an uncursed ring of see invisible {unknown}
Wands
 B - a wand of paralysis (10/24)
Scrolls
 f - 2 scrolls of immolation {unknown}
 g - 3 scrolls of remove curse {unknown}
 h - 2 scrolls of identify {unknown}
 j - a scroll of teleportation {unknown}
 s - a scroll of enchant armour {unknown}
Potions
 m - a potion of curing {unknown}
 r - a potion of flight {unknown}
 t - a potion of haste
 v - a potion of invisibility {unknown}
 z - a potion of brilliance {unknown}
Books
 c - a book of Battle

   Spells                             Type                      Level
   a - Infusion                       Charms                       1
   b - Shroud of Golubria             Charms/Translocation         2
   c - Song of Slaying                Charms                       2
   d - Spectral Weapon                Hexes/Charms                 3
   e - Regeneration                   Charms/Necromancy            3
Comestibles
 d - 3 bread rations
 p - a meat ration
 q - 2 fruits
 x - a royal jelly


   Skills:
 + Level 2.7 Fighting
 + Level 3.0 Polearms
 + Level 1.7 Armour
 + Level 2.1 Dodging
 + Level 1.6 Spellcasting
 + Level 3.3 Charms


You had 2 spell levels left.
You knew the following spells:

 Your Spells              Type           Power        Failure   Level  Hunger
a - Infusion              Chrm           #...         9%          1    ##.....
b - Song of Slaying       Chrm           #.......     13%         2    ###....
c - Shroud of Golubria    Chrm/Tloc      #.........   26%         2    ###....


Dungeon Overview and Level Annotations

Branches:
Dungeon (4/15)
 Temple: D:4-7

Altars:
Dithmenos
Yredelemnul

Annotations:
D:4 Eustachio, Pikel


Innate Abilities, Weirdness & Mutations

You have hooves in place of feet.
Armour fits poorly on your strangely shaped body.
You cover ground very quickly.
You have extremely tough skin. (AC +3)


Message History

A crimson imp comes into view.
The crimson imp shouts!
There is an open door here.
You close the door.
An ogre opens the door.
As you close the door, it creaks loudly!
You hear an angry hiss.
An ogre opens the door.
Casting: Infusion
Confirm with . or Enter, or press ? or * to list all spells.
You miscast Shroud of Golubria.
You are very lightly contaminated with residual magic.
Strange energies run through your body.
The crimson imp sputters.
The crimson imp blinks!
An adder comes into view.
Casting: Shroud of Golubria
Confirm with . or Enter, or press ? or * to list all spells.
Space distorts slightly along a thin shroud covering your body.
The ogre hits you with a giant club!
You die...

#......()......
#.....p......$.
..##........... )#
#p..........
+...........
#####p....).....
#.pp............
###O##########....
#.@.......# ####
#.........#
#.(.....S..
#....ยง..5..
###+###.... ....
...


You could see an ogre, 2 slaves, a crimson imp and an adder.

Vanquished Creatures
  The ghost of Sludgepup the Insei, a weakling OpFi (D:3)
  A centaur skeleton (D:3)
  A gnoll (D:1)
  An adder (D:2)
  An ooze (D:3)
  6 dart slugs
  3 leopard geckos (D:2)
  2 orcs (D:3)
  7 bats
  A giant cockroach (D:3)
  6 goblins
  5 hobgoblins
  A quokka (D:2)
  A ball python (D:2)
  6 frilled lizards
  9 kobolds
  11 rats
  A fungus (D:1)
64 creatures vanquished.

Notes
Turn   | Place    | Note
-------+----------+-------------------------------------------
     0 | D:1      | Hvezdomuz the Centaur Skald began the quest for the Orb.
     0 | D:1      | Reached XP level 1. HP: 17/17 MP: 3/3
   447 | D:1      | Reached XP level 2. HP: 16/24 MP: 1/4
   799 | D:1      | Reached XP level 3. HP: 3/29 MP: 0/5
  1261 | D:1      | Reached skill level 1 in Armour
  1931 | D:2      | Reached XP level 4. HP: 37/37 MP: 6/6
  1953 | D:2      | Learned a level 2 spell: Song of Slaying
  1956 | D:2      | Learned a level 2 spell: Shroud of Golubria
  2339 | D:3      | Noticed Sludgepup's ghost (weakling OpFi)
  2364 | D:3      | Killed Sludgepup's ghost
  2386 | D:3      | Found a faded altar of an unknown god.
  2406 | D:3      | Reached XP level 5. HP: 37/42 MP: 7/7
  2495 | D:3      | Found a shadowy altar of Dithmenos.
  2862 | D:4      | Noticed an ogre
  2863 | D:4      | Noticed a slave
  2863 | D:4      | Noticed a slave
  2863 | D:4      | Noticed a slave
  2865 | D:4      | Noticed Pikel
  2865 | D:4      | Noticed Eustachio
  2866 | D:4      | Noticed a slave
  2885 | D:4      | Found a basalt altar of Yredelemnul.
  2910 | D:4      | Slain by an ogre

Skill      XL: |  1  2  3  4 |
---------------+-------------+-----
Polearms       | 2 3 |  3.0
Charms         | 3 |  3.3
Armour         | 1 |  1.7
Dodging        | 2 |  2.1
Fighting       | |  2.7
Spellcasting   | |  1.6

Action                   |  1- 3 |  4- 6 || total
-------------------------+-------+-------++-------
Melee: Spear             |   139 |    73 ||   212
       Kick              |    23 |    18 ||    41
 Cast: Infusion          |     2 |     2 ||     4
       Shroud of Golubri |       |     1 ||     1
  Use: Potion            |       |     4 ||     4
  Eat: Fruit             |     2 |     2 ||     4
       Chunk             |     1 |       ||     1
Armor: Leather armour    |    48 |    26 ||    74
Dodge: Dodged            |    55 |    43 ||    98
